AoeStats
← Hecan

Arabia

509740255Analyzed
1v1 RM · 3d ago on Sep 27, 2026· 48m 54s· 2 players
Game mode
Random Map
Map size
Tiny (2 player)
Population
200
Speed
Normal
Resources
Standard
Victory
Conquest
Starting age
Dark Age
Ending age
Imperial Age
RankedLock teamsTeams togetherTeam positionsShared explorationLock speedFull tech treeHidden civsTurbo modeCheats
Victory
Defeat
🇺🇸 Lithuanians · United States
1164
+16
🇨🇦 Vikings · Canada
1174
-16
arthuopod
7:01 Loom
9:16 Feudal Age
10:48 Double-Bit Axe
13:38 Scale Barding Armor
16:20 Forging
17:23 Horse Collar
18:18 Bloodlines
20:06 Wheelbarrow
19:37 Gold Mining
23:41 Castle Age
23:56 Light Cavalry
24:37 Husbandry
25:00 Chain Barding Armor
30:28 Hill Forts
30:52 Fletching
33:31 Bow Saw
33:23 Heavy Plow
33:53 Stone Mining
34:28 Hand Cart
41:05 Imperial Age
41:33 Iron Casting
40:54 Bodkin Arrow
41:17 Cavalier
42:54 Plate Barding Armor
43:17 Conscription
45:18 Paladin
46:38 Bracer
Hecan
6:38 Loom
10:13 Feudal Age
10:21 Man-at-Arms
11:07 Double-Bit Axe
17:19 Fletching
20:43 Castle Age
20:44 Crossbowman
21:41 Bow Saw
22:06 Bodkin Arrow
25:20 Padded Archer Armor
32:57 Gold Mining
32:34 Pikeman
33:36 Squires
33:42 Scale Barding Armor
33:41 Scale Mail Armor
34:03 Horse Collar
38:33 Imperial Age
36:31 Chain Mail Armor
38:21 Forging
39:53 Plate Mail Armor
40:59 Iron Casting
43:43 Two-Man Saw
42:12 Arbalester
46:52 Conscription
46:35 Chieftains
48:04 Blast Furnace
Connection lost

Rejoining the realm…

Still unreachable

The connection could not be restored.

Session expired

The server has moved on; the page needs a fresh start.